 Dungeon Crawl Stone Soup version 0.25-a0-184-gcd15a05269 (webtiles) character file.

Game seed: 17166129131340374758, levelgen mode: deterministic

364330 MrRokkomies the Wrestler (level 22, -13/191 (192) HPs)
             Began as a Ghoul Monk on Nov 26, 2019.
             Was the Champion of Cheibriados.
             Mangled by a vampire knight
             ... wielding a +2 dire flail of distortion
              (14 damage)
             ... while paralysed by a vampire knight
             ... on level 1 of the Crypt on Nov 27, 2019.
             The game lasted 02:42:59 (37140 turns).

MrRokkomies the Wrestler (Ghoul Monk)              Turns: 37140, Time: 02:42:59

HP:   -13/191 (192) AC: 25    Str: 52    XL:     22   Next: 51%
MP:   31/31         EV:  2    Int: 28    God:    Cheibriados [******]
Gold: 1618          SH:  0    Dex: 19    Spells: 20/21 levels left

rFire    + . .     SeeInvis +     - Unarmed
rCold    + . .     Gourm    .   (no shield)
rNeg     + + +     Faith    .   g - +1 plate armour {MR+}
rPois    ∞         Spirit   .   p - +0 helmet of the Cricket {rElec Regen+ Str+8 Dex-2}
rElec    +         Reflect  .   m - +1 cloak of Starlight {rElec rC+ EV+4 Stlth--}
rCorr    .         Harm     .   r - +2 pair of gloves of Pragmatism {Int+4}
MR       +++..                  v - +1 pair of boots
Stlth    ..........             O - amulet of the acrobat
HPRegen  0.00/turn              o - ring "Waavah" {Fire +Inv rN++ Dex-5 SInv}
MPRegen  0.22/turn              K - ring "Orosuiwus" {MR+ Str+4 Int+4 Slay+1}

@: paralysed, about to teleport, rotting, very slow
A: rotting body, claws 1, carnivore, cold resistance 1, negative energy
resistance 3, inhibited regeneration, torment resistance, unbreathing
}: 2/15 runes: serpentine, barnacled
a: Bend Time, Temporal Distortion, Slouch, Step From Time, Renounce Religion,
Evoke Invisibility


You were on level 1 of the Crypt.
You worshipped Cheibriados.
Cheibriados was exalted by your worship.
You were not hungry.

You visited 7 branches of the dungeon, and saw 36 of its levels.
You also visited: Trove, Gauntlet and Ice Cave.

You collected 4095 gold pieces.
You spent 2477 gold pieces at shops.

Inventory:

Hand Weapons
 b - a +7 arbalest of freezing
Missiles
 a - 1341 bolts
 Q - 7 throwing nets (quivered)
Armour
 g - a +1 plate armour of magic resistance (worn)
 m - the +1 cloak of Starlight (worn) {rElec rC+ EV+4 Stlth--}
   (You found it in an ice cave)

   It affects your evasion (+4).
   It protects you from cold.
   It insulates you from electricity.
   It makes you much less stealthy.
 p - the +0 helmet of the Cricket (worn) {rElec Regen+ Str+8 Dex-2}
   (You found it in a Gauntlet)

   It affects your strength (+8).
   It affects your dexterity (-2).
   It insulates you from electricity.
   It increases your rate of regeneration.
 r - the +2 pair of gloves of Pragmatism (worn) {Int+4}
   (You found it on level 15 of the Dungeon)

   It affects your intelligence (+4).
 t - a scarf of resistance
 v - a +1 pair of boots (worn)
Jewellery
 d - an uncursed ring of flight
 o - the ring "Waavah" (left hand) {Fire +Inv rN++ Dex-5 SInv}
   (You found it on level 4 of the Lair of Beasts)

   [ring of fire]

   It enhances your fire magic.
   It affects your dexterity (-5).
   It protects you from fire.
   It makes you vulnerable to cold.
   It greatly protects you from negative energy.
   It lets you see invisible.
   It lets you turn invisible.
 J - an uncursed ring of protection from cold
 K - the ring "Orosuiwus" (right hand) {MR+ Str+4 Int+4 Slay+1}
   (You bought it in a shop on level 1 of the Orcish Mines)

   [ring of slaying]

   It affects your strength (+4).
   It affects your intelligence (+4).
   It affects your accuracy and damage with ranged weapons and melee attacks
   (+1).
   It affects your resistance to hostile enchantments.
 N - the ring of Cymoar {+Inv rC+ Str+3 Dex-4 Stlth+}
   (You took it off a minotaur in a Gauntlet)

   [ring of protection from cold]

   It affects your strength (+3).
   It affects your dexterity (-4).
   It protects you from cold.
   It lets you turn invisible.
   It makes you more stealthy.
 O - an amulet of the acrobat (around neck)
 P - an uncursed ring of protection from fire
Wands
 e - a wand of clouds (2)
 f - a wand of enslavement (32)
 h - a wand of acid (6)
 n - a wand of digging (3)
 u - a wand of iceblast (17)
 w - a wand of scattershot (26)
 R - a wand of disintegration (9)
 X - a wand of paralysis (7)
 Y - a wand of polymorph (11)
Scrolls
 j - 10 scrolls of teleportation
 l - 3 scrolls of magic mapping
 s - 5 scrolls of immolation
 x - 4 scrolls of fear
 y - 4 scrolls of amnesia
 z - 2 scrolls of blinking
 C - 14 scrolls of identify
 M - a scroll of enchant armour
 S - 10 scrolls of remove curse
 T - a scroll of summoning
 U - a scroll of silence
Potions
 c - 2 potions of resistance
 i - 12 potions of curing
 k - 7 potions of flight
 F - 5 potions of brilliance
 I - 4 potions of heal wounds
 L - a potion of ambrosia
 V - 2 potions of cancellation
 W - a potion of agility
Miscellaneous
 q - a phial of floods
 E - a lightning rod (4/4)
 G - a phantom mirror
 H - a sack of spiders
 Z - a fan of gales
Comestibles
 D - 57 rations


   Skills:
 - Level 15.2 Fighting
 * Level 16.8 Crossbows
 - Level 10.9 Armour
 - Level 11.0 Dodging
 - Level 2.1 Stealth
 * Level 23.2 Unarmed Combat
 + Level 2.6 Hexes
 - Level 14.0 Invocations
 + Level 9.6 Evocations


You had 20 spell levels left.
You knew the following spells:

 Your Spells              Type           Power        Failure   Level  Hunger
a - Confusing Touch       Hex            ###...       12%         1    ##.....

Your spell library contained the following spells:

 Spells                   Type           Power        Failure   Level  Hunger
 Corona                   Hex            ###....      12%         1    ##.....
 Slow                     Hex            ###.....     17%         2    ###....
 Animate Skeleton         Necr           N/A          34%         1    ##.....
 Apportation              Tloc           #.....       34%         1    ##.....
 Magic Dart               Conj           #...         34%         1    ##.....
 Pain                     Necr           #...         34%         1    ##.....
 Sandblast                Erth           #.....       34%         1    ##.....
 Shock                    Conj/Air       #...         34%         1    ##.....
 Summon Small Mammal      Summ           #...         34%         1    ##.....
 Corpse Rot               Necr           N/A          45%         2    ###....
 Passwall                 Tmut/Erth      #.......     45%         2    ###....
 Searing Ray              Conj           #.....       45%         2    ###....
 Swiftness                Chrm/Air       #.......     45%         2    ###....
 Dazzling Spray           Conj/Hex       #.....       52%         3    ####...
 Inner Flame              Hex/Fire       ##......     52%         3    ####...
 Portal Projectile        Hex/Tloc       #.....       52%         3    ####...
 Recall                   Summ/Tloc      N/A          71%         3    ####...
 Regeneration             Chrm/Necr      #.........   71%         3    ####...
 Static Discharge         Conj/Air       #.......     71%         3    ####...
 Stone Arrow              Conj/Erth      #.....       71%         3    ####...
 Vampiric Draining        Necr           #.........   71%         3    ####...
 Cause Fear               Hex            ###.......   75%         4    #####..
 Fulminant Prism          Conj/Hex       #.........   89%         4    #####..
 Leda's Liquefaction      Hex/Erth       #.........   89%         4    #####..
 Airstrike                Air            #.........   98%         4    #####..
 Animate Dead             Necr           N/A          98%         4    #####..
 Force Lance              Conj/Tloc      #.......     98%         4    #####..
 Iskenderun's Mystic Bla  Conj           #.......     98%         4    #####..
 Petrify                  Tmut/Erth      #.......     98%         4    #####..
 Summon Lightning Spire   Summ/Air       #.......     98%         4    #####..
 Silence                  Hex/Air        #.........   99%         5    ######.
 Summon Mana Viper        Hex/Summ       #.......     99%         5    ######.
 Yara's Violent Unravell  Hex/Tmut       #.........   99%         5    ######.
 Aura of Abjuration       Summ           #.........   100%        5    ######.
 Bolt of Magma            Conj/Fire/Erth #.........   100%        5    ######.
 Iskenderun's Battlesphe  Conj/Chrm      #.......     100%        5    ######.
 Lee's Rapid Deconstruct  Erth           #.........   100%        5    ######.
 Lightning Bolt           Conj/Air       #.........   100%        5    ######.
 Summon Demon             Summ           #.........   100%        5    ######.
 Summon Forest            Summ/Tloc      #.........   100%        5    ######.
 Venom Bolt               Conj/Pois      #.........   100%        5    ######.
 Conjure Ball Lightning   Conj/Air       #.........   100%        6    #######
 Deflect Missiles         Chrm/Air       #.........   100%        6    #######
 Iron Shot                Conj/Erth      #.........   100%        6    #######
 Shadow Creatures         Summ           N/A          100%        6    #######
 Orb of Destruction       Conj           #.........   100%        7    #######
 Spellforged Servitor     Conj/Summ      #.........   100%        7    #######
 Summon Hydra             Summ           #.........   100%        7    #######
 Dragon's Call            Summ           #.........   100%        9    #######
 Shatter                  Erth           #.........   100%        9    #######
 Tornado                  Air            #.........   100%        9    #######
 Beastly Appendage        Tmut           Unusable     N/A         1    N/A
 Spider Form              Tmut/Pois      Unusable     N/A         3    N/A
 Ice Form                 Ice/Tmut       Unusable     N/A         4    N/A
 Hydra Form               Tmut           Unusable     N/A         6    N/A
 Statue Form              Tmut/Erth      Unusable     N/A         6    N/A
 Dragon Form              Tmut           Unusable     N/A         7    N/A

Dungeon Overview and Level Annotations

Branches:
Dungeon (15/15)            Temple (0/1) D:7            Lair (6/6) D:11
 Shoals (4/4) Lair:2        Snake (4/4) Lair:4        Slime (0/5) Lair:5
    Orc (2/2) D:11            Elf (0/3) Orc:2        Vaults (4/5) D:13
  Crypt (1/3) Vaults:3     Depths (0/5) D:15          IceCv (visited)
Gauntlet (visited)

Altars:
Cheibriados
Dithmenos
Fedhas
Gozag
Makhleb
Okawaru
Qazlal
Wu Jian

Shops:
D:11 (   Orc:1 =   Orc:2 ?=}:!   Snake:1 ==}

Portals:
Hell: Lair:6

Annotations:
Shoals:3 Roxanne
Vaults:2 3 runed translucent doors, exclusion: obsidian statue, Kuqudo's ghost, adept DDFi


Innate Abilities, Weirdness & Mutations

Your body is rotting away.
You thrive on raw meat.
You are immune to poison.
You have sharp fingernails.
You are carnivorous and can eat meat at any time.
Your flesh is cold resistant. (rC+)
You are immune to negative energy. (rN+++)
You do not regenerate when monsters are visible.
You are immune to unholy pain and torment.
You can survive without breathing.


Message History

The vampire knight is lightly damaged.
You pummel the vampire knight!!
The vampire knight is heavily damaged.
The vampire knight gestures at you while chanting.
You suddenly lose the ability to move!
The vampire knight hits you with a +2 dire flail of distortion.
* * * LOW HITPOINT WARNING * * *
Space bends around you.
* * * LOW HITPOINT WARNING * * *
The vampire knight bites you but does no damage.
The vampire knight hits you with a +2 dire flail of distortion!!
* * * LOW HITPOINT WARNING * * *
You feel strangely unstable. The vampire knight barely misses you.
You feel less vulnerable to hostile enchantments.
The vampire knight barely misses you. The vampire knight bites you.
* * * LOW HITPOINT WARNING * * *
The vampire knight hits you with a +2 dire flail of distortion!!
* * * LOW HITPOINT WARNING * * *
Space warps horribly around you!
You die...

#.###### #.....#
#.# ......# #.#
.......# #.#
#....##.# #.#
##...# .#
##.########..# #
#...#...###..##.#
#...#.....#.....#
#...#.@V.)#.....##
##......))......{.
###.######..##.##
#.# ..# ..# ..#
...# ..# ....# ..#
#....| ..# ...##
...


You could see a vampire knight (invisible).

Vanquished Creatures
  Mennas (Crypt:1)
  Frederick (Vaults:2)
  Margery (Vaults:2)
  Saint Roka (Snake:3)
  Vashnia (Snake:3)
  Jory (Vaults:2)
  A bone dragon (Vaults:3)
  An Ice Fiend (IceCv)
  Jorgrun (Shoals:3)
  A tentacled monstrosity (Vaults:3)
  A shard shrike skeleton (Crypt:1)
  Asterion (Snake:2)
  The ghost of MirrMurr the Warrior, an adept CeBe of Trog (Shoals:3)
  A sphinx (Vaults:1)
  A tengu reaver (Vaults:3)
  Ilsuiw (Shoals:4)
  2 fire giants (Vaults:4)
  A frost giant (Shoals:4)
  11 nagarajas
  12 vault wardens
  12 ironheart preservers
  A ghoul (Vaults:3)
  8 stone giants
  6 very ugly things (Vaults:3)
  2 deep elf demonologists
  A vampire knight (Crypt:1)
  2 entropy weavers
  A minotaur (Gauntlet)
  A deep elf annihilator (Vaults:2)
  A dire elephant (Lair:6)
  The ghost of Sefex the Eclecticist, a journeyman DgWz (D:15)
  A blizzard demon (Gauntlet)
  3 fire dragons
  6 merfolk javelineers
  A jiangshi (Crypt:1)
  Josephine (D:14)
  7 yaktaur captains
  9 vault guards
  12 merfolk impalers
  The ghost of Gumption the Covert, a journeyman SpEn of Dithmenos (Lair:4)
  Fannar (Lair:3)
  12 naga warriors
  4 ice dragons
  9 hydras
  5 great orbs of eyes
  A rakshasa (Vaults:3)
  7 anacondas
  A merfolk avatar (Shoals:1)
  4 centaur warriors
  36 two-headed ogres
  2 catoblepae
  A satyr (Shoals:2)
  3 death knights (Vaults:3)
  3 alligator snapping turtles
  3 merfolk aquamancers (Shoals:4)
  15 ogre magi
  4 death yaks (Lair:5)
  A vampire mage (Crypt:1)
  18 naga sharpshooters
  Nergalle (D:11)
  Urug (Orc:1)
  A soul eater (Crypt:1)
  7 deep elf knights
  6 shock serpents
  7 skeletal warriors
  A sixfirhy (Lair:6)
  3 hell knights (Vaults:2)
  2 salamander mystics (Snake:2)
  19 sea snakes
  2 deep trolls
  2 shadow wraiths (Vaults:3)
  An unseen horror (Vaults:1)
  A flayed ghost (Vaults:3)
  A glowing orange brain (Vaults:3)
  3 wizards
  4 deep elf archers
  2 lindwurms (Lair:4)
  32 harpies
  12 orc knights
  5 naga ritualists
  10 ironbrand convokers
  A harpy (shapeshifter) (Vaults:2)
  A spectral merfolk (Shoals:3)
  5 necromancers
  A phantasmal warrior (Crypt:1)
  2 orc sorcerers (Vaults:1)
  6 mana vipers
  A wolf spider (Vaults:3)
  13 manticores
  12 deep elf magi
  A tengu skeleton (Vaults:4)
  51 ugly things
  10 cyclopes
  9 salamanders
  20 slime creatures
  A frost giant skeleton (Vaults:4)
  3 fauns (Shoals:2)
  Maurice (Orc:2)
  27 naga magi
  An elephant (shapeshifter) (Vaults:3)
  32 black mambas
  2 guardian serpents (Snake:4)
  14 elephants
  5 water nymphs
  10 merfolk sirens
  A water nymph (shapeshifter) (D:15)
  3 ice statues
  13 vault sentinels
  A guardian serpent (shapeshifter) (D:13)
  A gargoyle (D:11)
  12 spiny frogs
  A smoke demon (Lair:6)
  An orange demon (Lair:6)
  A kobold demonologist (D:11)
  9 rime drakes
  A komodo dragon (shapeshifter) (Vaults:1)
  A yaktaur (shapeshifter) (Vaults:2)
  A human zombie (Vaults:3)
  6 freezing wraiths
  36 yaktaurs
  2 efreet
  8 komodo dragons
  A spectral water nymph (Shoals:3)
  A golden dragon simulacrum (IceCv)
  A red devil (Lair:6)
  29 merfolk
  A troll (shapeshifter) (Vaults:3)
  6 trolls
  2 anaconda simulacra (IceCv)
  11 ice devils
  A polar bear (shapeshifter) (Vaults:1)
  4 wind drakes
  3 polar bears
  A meliai (D:13)
  A wolf spider simulacrum (IceCv)
  A jumping spider (Vaults:3)
  A queen bee (Lair:3)
  6 hornets
  3 blink frogs
  20 hippogriffs
  A spectral manticore (Shoals:3)
  A meliai zombie (D:12)
  A sphinx simulacrum (Vaults:2)
  12 dream sheep
  5 snapping turtles
  2 frost giant simulacra (Vaults:3)
  2 shadows
  A dire elephant simulacrum (IceCv)
  2 water elementals
  A tarantella (Vaults:4)
  A tarantella (shapeshifter) (D:13)
  Eustachio (D:4)
  An ettin skeleton (Vaults:3)
  2 vampires
  3 redbacks (Vaults:3)
  23 yaks
  6 fire bats
  7 wyverns
  Grum (D:9)
  2 steam dragons (Lair:3)
  8 wraiths
  A hog (shapeshifter) (Vaults:2)
  3 human simulacra
  5 basilisks
  A death yak simulacrum (IceCv)
  Menkaure (D:5)
  9 vampire mosquitoes
  A sea snake simulacrum (Shoals:3)
  3 hungry ghosts
  7 wargs
  4 harpy simulacra (IceCv)
  3 iron troll simulacra (IceCv)
  A soldier ant (D:15)
  18 water moccasins
  7 hydra simulacra (IceCv)
  7 hell hounds
  3 merfolk simulacra (Shoals:3)
  48 nagas
  3 acid dragons
  A swamp worm (shapeshifter) (D:13)
  4 porcupines
  2 hornet zombies (D:15)
  32 orc warriors
  4 sky beasts
  A swamp drake (shapeshifter) (D:14)
  An ettin simulacrum (IceCv)
  2 necrophages
  8 ice beasts
  An eye of draining (D:13)
  3 phantoms
  11 wolves
  55 ogres
  7 boggarts
  19 centaurs
  14 crocodiles
  3 big kobolds
  23 bullfrogs
  A scorpion (shapeshifter) (Vaults:1)
  39 killer bees
  A blink frog simulacrum (Lair:4)
  A manticore simulacrum (Shoals:3)
  A scorpion (D:9)
  A snapping turtle simulacrum (Shoals:3)
  20 wights
  4 howler monkeys
  2 rime drake simulacra (Lair:4)
  5 crimson imps
  A bullfrog zombie (D:12)
  3 quasits
  4 centaur zombies
  3 draconian simulacra (IceCv)
  6 hounds
  3 jellies
  22 orc priests
  11 centaur skeletons
  22 orc wizards
  5 bullfrog skeletons
  8 worker ants
  6 troll simulacra (IceCv)
  A polar bear simulacrum (IceCv)
  A centaur simulacrum (IceCv)
  A basilisk simulacrum (Lair:4)
  2 hound zombies
  A hound skeleton (D:11)
  A howler monkey zombie (D:7)
  A worker ant zombie (D:8)
  4 gnolls
  2 naga simulacra (IceCv)
  18 adders
  A howler monkey skeleton (D:6)
  2 ogre simulacra (IceCv)
  A shadow imp (D:5)
  7 white imps
  6 ufetubi (IceCv)
  2 oozes
  An adder skeleton (D:5)
  4 worms
  A dart slug (D:1)
  4 leopard geckos
  73 orcs
  A ball python (D:3)
  8 giant cockroaches
  11 hobgoblins
  16 jackals
  23 kobolds
  7 quokkas
  12 bats
  9 frilled lizards
  4 goblins
  A leopard gecko skeleton (D:4)
  15 rats
1601 creatures vanquished.

Vanquished Creatures (others)
  A two-headed ogre (Vaults:2)
  A hell hog (Gauntlet)
  A spectral sea snake (Shoals:3)
  A naga (Snake:4)
  2 killer bees
  A white imp (Gauntlet)
  5 demonic plants (Gauntlet)
  8 fungi
  11 plants
31 creatures vanquished.

Grand Total: 1632 creatures vanquished

Notes
Turn   | Place    | Note
-------+----------+-------------------------------------------
     0 | D:1      | MrRokkomies the Ghoul Monk began the quest for the Orb.
     0 | D:1      | Reached XP level 1. HP: 19/19 MP: 0/0
   175 | D:1      | Reached XP level 2. HP: 26/26 MP: 1/1
   729 | D:1      | Reached XP level 3. HP: 30/33 MP: 2/2
   958 | D:2      | You fall into a shaft and drop 2 floors!
   983 | D:4      | Noticed Eustachio
  1047 | D:3      | Reached skill level 4 in Unarmed Combat
  1219 | D:3      | Reached XP level 4. HP: 37/40 MP: 3/3
  1471 | D:2      | Found a snail-covered altar of Cheibriados.
  1476 | D:2      | Became a worshipper of Cheibriados the Contemplative
  1476 | D:2      | Reached * piety under Cheibriados
  1476 | D:2      | Reached ** piety under Cheibriados
  1610 | D:2      | Reached skill level 1 in Armour
  1652 | D:2      | You fall into a shaft and drop 1 floor!
  1664 | D:3      | Reached XP level 5. HP: 40/47 MP: 4/4
  1803 | D:3      | Noticed an ice beast
  1831 | D:3      | Killed an ice beast
  1831 | D:3      | Reached skill level 5 in Fighting
  1831 | D:3      | Reached skill level 5 in Unarmed Combat
  1831 | D:3      | Reached skill level 1 in Invocations
  1924 | D:3      | Reached XP level 6. HP: 56/56 MP: 6/6
  1985 | D:3      | Reached *** piety under Cheibriados
  2362 | D:3      | Found a burning altar of Makhleb.
  2467 | D:4      | Found a blossoming altar of Fedhas.
  2529 | D:4      | Killed Eustachio
  2849 | D:4      | Reached XP level 7. HP: 61/61 MP: 7/7
  3171 | D:5      | Entered Level 5 of the Dungeon
  3237 | D:5      | Reached skill level 6 in Unarmed Combat
  3474 | D:5      | Reached XP level 8. HP: 32/71 MP: 6/9
  3521 | D:5      | Noticed Menkaure
  3527 | D:5      | Reached **** piety under Cheibriados
  3532 | D:5      | Killed Menkaure
  3894 | D:6      | Reached skill level 7 in Unarmed Combat
  3904 | D:6      | HP: 1/73 [orc warrior/+0 battleaxe (13)]
  4491 | D:6      | Reached XP level 9. HP: 78/81 MP: 11/11
  4769 | D:7      | Found a staircase to the Ecumenical Temple.
  4774 | D:7      | Reached ***** piety under Cheibriados
  4850 | D:7      | Reached skill level 8 in Unarmed Combat
  5207 | D:7      | Found an opulent altar of Gozag.
  5208 | D:7      | Found a shadowy altar of Dithmenos.
  5210 | D:7      | Found an ornate altar of the Wu Jian Council.
  5210 | D:7      | Found an iron altar of Okawaru.
  5738 | D:8      | Reached skill level 5 in Invocations
  5914 | D:8      | Reached skill level 9 in Unarmed Combat
  6365 | D:8      | Reached XP level 10. HP: 85/91 MP: 13/13
  6391 | D:8      | Reached skill level 5 in Armour
  6865 | D:9      | Reached skill level 10 in Fighting
  6865 | D:9      | Reached skill level 10 in Unarmed Combat
  7234 | D:9      | Noticed Grum
  7238 | D:9      | Reached ****** piety under Cheibriados
  7255 | D:9      | Killed Grum
  7554 | D:10     | Entered Level 10 of the Dungeon
  7605 | D:10     | Reached XP level 11. HP: 100/101 MP: 15/15
  7647 | D:10     | Reached skill level 11 in Unarmed Combat
  7946 | D:11     | Found Divat's Weapon Shoppe.
  7952 | D:11     | Found a staircase to the Orcish Mines.
  7954 | D:11     | Noticed a sixfirhy
  7992 | D:11     | Bought a +1 arbalest of freezing for 181 gold pieces
  8025 | D:11     | Found a staircase to the Lair.
  8028 | D:11     | Noticed Nergalle
  8438 | D:11     | Killed Nergalle
  8492 | D:11     | Noticed a manticore
  8500 | D:11     | Killed a manticore
  8579 | D:11     | Noticed a white ugly thing
  8591 | D:11     | Killed a white ugly thing
  8591 | D:11     | Reached skill level 12 in Unarmed Combat
  9393 | Lair:1   | Entered Level 1 of the Lair of Beasts
  9421 | Lair:1   | Reached XP level 12. HP: 83/112 MP: 13/17
 10044 | Lair:1   | Noticed a six-headed hydra
 10050 | Lair:1   | Killed a six-headed hydra
 10547 | Lair:2   | Found a staircase to the Shoals.
 10858 | Lair:3   | Reached skill level 13 in Unarmed Combat
 10918 | Lair:3   | Noticed Fannar
 10929 | Lair:3   | Killed Fannar
 11047 | Lair:3   | Learned a level 1 spell: Confusing Touch
 11429 | Lair:3   | Reached XP level 13. HP: 57/122 MP: 13/18
 11800 | Lair:4   | Found a gate leading to a gauntlet.
 11809 | Gauntlet | Entered a Gauntlet
 11809 | Gauntlet | Found a transporter.
 11812 | Gauntlet | Found a transporter.
 11828 | Gauntlet | Found a transporter.
 11832 | Gauntlet | Found a transporter.
 11843 | Gauntlet | Found the +0 pair of fencer's gloves {Riposte Dex+3}
 11850 | Gauntlet | Found a transporter.
 11863 | Gauntlet | Found a transporter.
 11876 | Gauntlet | Found a transporter.
 11949 | Gauntlet | Found a transporter.
 11951 | Gauntlet | Found a transporter.
 11953 | Gauntlet | Found a runed translucent gate.
 11953 | Gauntlet | Found a runed translucent gate.
 11953 | Gauntlet | Found a runed translucent gate.
 11959 | Gauntlet | Found a transporter.
 11985 | Gauntlet | Noticed a blizzard demon
 11985 | Gauntlet | Found a transporter.
 11989 | Gauntlet | Found a transporter.
 11997 | Gauntlet | Killed a blizzard demon
 12001 | Gauntlet | Got a scintillating bone ring
 12020 | Gauntlet | Identified the ring "Vucs" {Wiz rElec Dex+3 Slay-2} (You
                  | found it in a Gauntlet)
 12173 | Gauntlet | Got a jewelled helmet
 12174 | Gauntlet | Identified the cursed +0 helmet of the Cricket {rElec
                  | Regen+ Str+8 Dex-2} (You found it in a Gauntlet)
 12250 | Gauntlet | Identified the ring of Cymoar {+Inv rC+ Str+3 Dex-4 Stlth+}
 12250 | Gauntlet | Noticed a minotaur
 12261 | Gauntlet | Killed a minotaur
 12261 | Gauntlet | Reached skill level 14 in Unarmed Combat
 12269 | Gauntlet | Identified the Compendium of Transmigration
 12272 | Gauntlet | Identified Paengyarch's Catalogue of Pantheism
 12448 | Lair:4   | Noticed Gumption's ghost (journeyman SpEn)
 12622 | Lair:4   | Found a staircase to the Snake Pit.
 12731 | Lair:4   | Reached skill level 10 in Invocations
 13031 | Lair:4   | Found a runed translucent gate.
 13032 | Lair:4   | Found a runed translucent gate.
 13033 | Lair:4   | Found a runed translucent gate.
 13297 | Lair:4   | Killed Gumption's ghost
 13318 | Lair:4   | Got the ring "Waavah" {Fire}
 13327 | Lair:4   | Identified the ring "Waavah" {Fire +Inv rN++ Dex-5 SInv}
                  | (You found it on level 4 of the Lair of Beasts)
 13581 | Lair:5   | Found a staircase to the Slime Pits.
 13981 | Lair:5   | Reached XP level 14. HP: 123/133 MP: 20/20
 14055 | Lair:5   | Reached skill level 15 in Fighting
 14055 | Lair:5   | Reached skill level 15 in Unarmed Combat
 14226 | Lair:6   | Entered Level 6 of the Lair of Beasts
 14385 | Lair:6   | Reached skill level 1 in Crossbows
 14783 | Lair:6   | Noticed a dire elephant
 14798 | Lair:6   | Killed a dire elephant
 14836 | Lair:6   | Found a burning altar of Makhleb.
 14887 | Lair:6   | Found a gateway to Hell.
 15236 | Orc:1    | Entered Level 1 of the Orcish Mines
 15246 | Orc:1    | Found Achaen's Jewellery Emporium.
 15251 | Orc:1    | Noticed Urug
 15264 | Orc:1    | Killed Urug
 15281 | Orc:1    | Bought the ring "Orosuiwus" {MR+ Str+4 Int+4 Slay+1} for
                  | 460 gold pieces
 15281 | Orc:1    | Bought a +5 amulet of reflection for 535 gold pieces
 15316 | Orc:1    | Found a dark tunnel.
 15333 | Orc:1    | Reached skill level 16 in Unarmed Combat
 15740 | Orc:2    | Entered Level 2 of the Orcish Mines
 15775 | Orc:2    | Found a staircase to the Elven Halls.
 15829 | Orc:2    | Found Yqauvea's Magic Scroll Shop.
 15922 | Orc:2    | Reached XP level 15. HP: 140/141 MP: 22/22
 16221 | Orc:2    | Reached skill level 5 in Crossbows
 16221 | Orc:2    | Reached skill level 10 in Armour
 16238 | Orc:2    | Noticed Maurice
 16538 | Orc:2    | Killed Maurice
 16564 | Orc:2    | Found Enaig's Book Shoppe.
 16564 | Orc:2    | Found Ninam's Jewellery Shop.
 16564 | Orc:2    | Found Minopuch's Distillery.
 16564 | Orc:2    | Found Batiat's Gadget Shoppe.
 16748 | Orc:2    | Bought an uncursed amulet of the acrobat for 510 gold
                  | pieces
 16751 | Orc:2    | Bought 2 potions of heal wounds for 140 gold pieces
 16751 | Orc:2    | Bought a potion of heal wounds for 70 gold pieces
 16751 | Orc:2    | Bought a potion of heal wounds for 70 gold pieces
 16789 | Orc:2    | Bought a scroll of enchant armour for 105 gold pieces
 16789 | Orc:2    | Bought a scroll of enchant weapon for 105 gold pieces
 16789 | Orc:2    | Bought a scroll of enchant weapon for 105 gold pieces
 17001 | D:12     | Found a portal to a secret trove of treasure.
 17094 | Orc:2    | Bought a potion of agility for 56 gold pieces
 17094 | Orc:2    | Bought a potion of resistance for 140 gold pieces
 18010 | D:13     | Identified a scroll of acquirement
 18011 | D:13     | Got a slimy buckler
 18012 | D:13     | Identified the +0 buckler "Guigeog" {rPois SInv} (You
                  | acquired it on level 13 of the Dungeon)
 18149 | D:13     | Found a stormy altar of Qazlal.
 18275 | D:13     | Found a gate to the Vaults.
 18870 | D:13     | Reached skill level 17 in Unarmed Combat
 19076 | D:14     | Noticed Josephine
 19085 | D:14     | Killed Josephine
 19085 | D:14     | Reached XP level 16. HP: 84/149 MP: 24/24
 19335 | D:14     | Got an agate-encrusted plate armour
 19336 | D:14     | Identified the +2 plate armour of Narcissism {rN+} (You
                  | found it on level 14 of the Dungeon)
 19652 | D:12     | You paid a toll of 6 potions of agility to enter a treasure
                  | trove
 19653 | Trove    | Entered a treasure trove
 19689 | Trove    | Got a faintly humming chain mail
 19697 | Trove    | Got an ichor-stained hat
 19699 | Trove    | Got a faintly glowing ring mail
 19701 | Trove    | Got a fine scale mail
 19761 | D:12     | Identified the +6 chain mail "Rytieniuch" {rPois Dex+4}
                  | (You found it in a treasure trove)
 19771 | D:12     | Identified the +4 ring mail of Ymutut {rC+ rN+ Regen+
                  | Slay-2} (You found it in a treasure trove)
 19781 | D:12     | Identified the +7 scale mail "Kogekh" {*Drain +Fly rPois
                  | SInv} (You found it in a treasure trove)
 19802 | D:12     | Identified the +1 hat of the Ditch-Digger {rElec rC+} (You
                  | found it in a treasure trove)
 19917 | D:15     | Entered Level 15 of the Dungeon
 20441 | D:15     | Found a shadowy altar of Dithmenos.
 20701 | D:15     | Found a runed translucent gate.
 20701 | D:15     | Found a runed translucent gate.
 20701 | D:15     | Found a runed translucent gate.
 20704 | D:15     | Noticed Sefex's ghost (journeyman DgWz)
 20704 | D:15     | Identified the amulet "Xusejio" {Spirit rN++ MR++ Str-2}
 20908 | D:15     | Found a staircase to the Depths.
 21210 | D:15     | Killed Sefex's ghost
 21217 | D:15     | Got a pair of polished gloves
 21228 | D:15     | Identified the +2 pair of gloves of Pragmatism {Int+4} (You
                  | found it on level 15 of the Dungeon)
 21461 | Snake:1  | Entered Level 1 of the Snake Pit
 22145 | Snake:1  | Found Povidgh's Jewellery Shop.
 22146 | Snake:1  | Found Ypteust's Gadget Emporium.
 22147 | Snake:1  | Found Ukkabumu's Jewellery Shop.
 22416 | Snake:2  | Reached skill level 18 in Unarmed Combat
 22689 | Snake:2  | Noticed a nagaraja
 22693 | Snake:2  | Killed a nagaraja
 23082 | Snake:2  | Noticed a nagaraja
 23085 | Snake:2  | Killed a nagaraja
 23085 | Snake:2  | Reached XP level 17. HP: 155/156 MP: 25/25
 23098 | Snake:2  | Reached skill level 10 in Crossbows
 23417 | Snake:3  | Noticed Saint Roka
 23430 | Snake:3  | Killed Saint Roka
 23585 | Snake:3  | Noticed Vashnia
 23629 | Snake:3  | Reached skill level 5 in Dodging
 23647 | Snake:3  | HP: 1/156 [Vashnia/bolt (30)]
 23658 | Snake:3  | HP: 7/156 [Vashnia/bolt (6)]
 24097 | Snake:3  | Noticed Asterion
 24114 | Snake:2  | Killed Asterion
 24342 | Snake:3  | Killed Vashnia
 24559 | Snake:3  | Upgraded the game from 0.25-a0-177-gd145f35b4e to
                  | 0.25-a0-184-gcd15a05269
 24730 | Shoals:1 | Entered Level 1 of the Shoals
 24910 | Shoals:1 | Reached skill level 19 in Unarmed Combat
 25534 | Shoals:2 | Reached XP level 18. HP: 136/163 MP: 27/27
 26129 | Shoals:3 | Reached skill level 1 in Evocations
 26285 | Shoals:3 | Noticed Jorgrun
 26302 | Shoals:3 | Killed Jorgrun
 26328 | Shoals:3 | Noticed Roxanne
 26517 | Shoals:3 | Found a runed translucent gate.
 26520 | Shoals:3 | Found a runed translucent gate.
 26521 | Shoals:3 | Found a runed translucent gate.
 26632 | Shoals:3 | Noticed MirrMurr's ghost (adept CeBe)
 26858 | Shoals:3 | Killed MirrMurr's ghost
 26941 | Shoals:4 | Entered Level 4 of the Shoals
 27179 | Shoals:4 | Noticed Ilsuiw
 27188 | Shoals:4 | Killed Ilsuiw
 27359 | Shoals:4 | Reached skill level 20 in Unarmed Combat
 27551 | Shoals:4 | HP: 5/163 [frost giant/+1 battleaxe of freezing (24)]
 27551 | Shoals:4 | HP: 1/163 [frost giant/+1 battleaxe of freezing (4)]
 27836 | Shoals:4 | Got a barnacled rune of Zot
 27950 | Shoals:4 | Reached XP level 19. HP: 161/170 MP: 28/28
 28261 | Snake:4  | Entered Level 4 of the Snake Pit
 28278 | Snake:4  | Found a frozen archway.
 28303 | IceCv    | Entered an ice cave
 28725 | IceCv    | Noticed an Ice Fiend
 28726 | IceCv    | Found the +1 cloak of Starlight {rElec rC+ EV+4 Stlth--}
 28740 | IceCv    | Killed an Ice Fiend
 29200 | IceCv    | Got a pair of warped gloves
 29201 | IceCv    | Identified the +1 pair of gloves "Ogukhlum" {Int+4} (You
                  | found it in an ice cave)
 29959 | Snake:4  | Reached skill level 5 in Evocations
 30700 | Snake:4  | Got a serpentine rune of Zot
 31072 | Vaults:1 | Entered Level 1 of the Vaults
 31305 | Vaults:1 | Reached skill level 21 in Unarmed Combat
 31373 | Vaults:1 | Reached XP level 20. HP: 97/178 MP: 29/29
 32433 | Vaults:2 | Noticed Frederick
 32437 | Vaults:2 | Killed Frederick
 32715 | Vaults:2 | Noticed Margery
 32730 | Vaults:2 | Killed Margery
 32983 | Vaults:2 | Reached skill level 15 in Crossbows
 33346 | Vaults:2 | Noticed Jory
 33363 | Vaults:2 | Killed Jory
 33363 | Vaults:2 | Reached skill level 10 in Dodging
 33371 | Vaults:2 | Reached XP level 21. HP: 145/184 MP: 30/30
 33471 | Vaults:2 | Reached skill level 22 in Unarmed Combat
 33914 | Vaults:2 | Found a runed translucent gate.
 33914 | Vaults:2 | Found a runed translucent gate.
 33914 | Vaults:2 | Found a runed translucent gate.
 33915 | Vaults:2 | Noticed Kuqudo's ghost (adept DDFi)
 34747 | Vaults:3 | Noticed a bone dragon
 34761 | Vaults:3 | Killed a bone dragon
 34775 | Vaults:3 | Found a staircase to the Crypt.
 35839 | Vaults:4 | Reached XP level 22. HP: 192/192 MP: 25/31
 36138 | Vaults:4 | Reached skill level 1 in Hexes
 36522 | Vaults:4 | Reached skill level 23 in Unarmed Combat
 37014 | Crypt:1  | Entered Level 1 of the Crypt
 37081 | Crypt:1  | Noticed Mennas
 37098 | Crypt:1  | Killed Mennas
 37136 | Crypt:1  | Paralysed by a vampire knight for 6 turns
 37140 | Crypt:1  | HP: 1/191 [vampire knight/+2 dire flail of distortion (21)]
 37140 | Crypt:1  | Mangled by a vampire knight

Levels and vault maps discovered:
D:1:      noname_arrival_rooms_in_the_neighbourhood, layout_basic,
          serial_park_tiny_1
D:2:      layout_loops_ring, lemuel_doored_altar, serial_forest,
          infiniplex_forest_pool, infiniplex_forest_lined_3_way,
          infiniplex_forest_corner_1, infiniplex_forest_clump_small,
          infiniplex_forest_3_way, infiniplex_forest_pool
D:3:      minmay_bubble_buster, layout_loops_ring, first_ration,
          serial_park_tiny_pond, makhleb_altar_promises_db
D:4:      layout_basic, fedhas_altar_1, cheibrodos_gnoll_hut, uniq_eustachio
D:5:      layout_rooms, kennysheep_generic_room_7, uniq_menkaure
D:6:      layout_loops_corners
D:7:      minmay_flawed_box, layout_basic, grunt_temple_overflow_open,
          minmay_temple_entry_statues_pillars
D:8:      layout_cave_pods
D:9:      layout_roguey, uniq_grum
D:10:     layout_cross, grunt_pizzeria, minmay_holes
D:11:     layout_irregular_city, david_lair_generic, orc_david_3, uniq_nergalle
D:12:     layout_cave_pods, enter_trove_3
D:13:     minmay_thinvault, layout_basic, david_vaults_2,
          serial_co_window_serial, co_window_cross_1, co_window_paths_a,
          co_window_paths_a, co_window_paths_b, co_window_corner_a,
          co_window_2corner, co_window_of_opportunity_c,
          co_window_unsneaky_path_e, co_window_of_opportunity_b,
          co_window_2corner, glass_columns_a, glass_columns_a,
          grunt_qazlal_clouds
D:14:     layout_long_grid, hangedman_abyss_or_decor_stagger, uniq_josephine
D:15:     hangedman_depths_entry_try_elsewhere_first, layout_gridville,
          basic_altar, nicolae_sextant, gammafunk_ghost_tricky_traps
Lair:1:   layout_chaotic_city
Lair:2:   layout_gridlike, elwin_shoals_entry_rocks
Lair:3:   regret_index_wax_grids, layout_loops_ring, serial_bayou_pond_a,
          serial_bayou_shore_b, infiniplex_staircase_pool_2, uniq_fannar
Lair:4:   cheibrodos_lair_overgrown_chateau, layout_regular_city,
          minmay_snake_entry_guardpost_medium, gammafunk_ghost_icy,
          gauntlet_entry_generic, st_stairs_9, hangedman_lair_generics_rect
Lair:5:   layout_cave_pods, dpeg_slime_entry_corner, minivault_27
Lair:6:   evil_forest, layout_cave_shapes, grunt_megastairs_5
Shoals:1: layout_shoals
Shoals:2: layout_shoals, nicolae_shoals_loop_pool
Shoals:3: layout_shoals, gammafunk_ghost_necromancy, uniq_roxanne, uniq_jorgrun
Shoals:4: shoals_end_grunt_ice, layout_shoals, shoals_ilsuiw_ice
Snake:1:  layout_cave_pods, drop_trap, minmay_shop_grove
Snake:2:  layout_layer_cave
Snake:3:  layout_rooms, grunt_ministairs_14, uniq_vashnia, uniq_saint_roka,
          uniq_asterion
Snake:4:  snake_pit, layout_cave_town, portal_ice_cave_entry_ice_statue_two
Orc:1:    layout_diamond_mine, nicolae_volcano_entry_batcave, serial_shops,
          nicolae_shop_waterfront, uniq_urug
Orc:2:    st_orc_ogre_mass, layout_caves, serial_shops, shop_scrolls,
          uniq_maurice
Vaults:1: nicolae_vaults_hallways_thing, v_rooms_4, dpeg_vaults_monster_row,
          v_alt_pattern_4, vaults_room_fancy_cross, hangedman_vaults_trim,
          hangedman_vaults_maws, v_misc_8, serial_ice_m,
          vaults_standard_mumra_lines, vaults_standard_mumra_enter_the_diamond,
          layout_vaults_maze_bifur
Vaults:2: gammafunk_vaults_ghost_spectres, grunt_vaults_focal,
          nicolae_vaults_statue_guard, v_misc_29, grunt_vaults_hallway_long,
          nicolae_vaults_alarming, v_misc_17, vaults_room_semicircle,
          vaults_mumra_lcd, v_misc_27, vaults_room_pool,
          layout_vaults_quadrants, uniq_frederick, uniq_jory, uniq_margery
Vaults:3: v_pattern_4, nicolae_vaults_ninety_degrees,
          minmay_crypt_entry_nasty_monster, v_alt_pattern_5,
          nicolae_vaults_little_squares_5, nicolae_vaults_octagons,
          vaults_room_ringed_pool, v_misc_30, ontoclasm_vaults_hangar,
          ontoclasm_vaults_decontamination, nicolae_vaults_mini_display_case,
          vaults_dpeg_encased_lava, layout_vaults_ring
Vaults:4: hangedman_vaults_cutoff, nicolae_vaults_big_angled_halls,
          nicolae_vaults_windows_and_doors_thing, v_rooms_4, grunt_vaults_swirl,
          nicolae_vaults_little_ls, hangedman_vaults_capsules,
          layout_vaults_omnibox
Crypt:1:  layout_misc_corridors, st_stairs_11, uniq_mennas

Skill      XL: |  1  2  3  4  5  6  7  8  9 10 11 12 13 14 15 16 17 18 19 20 21 22 |
---------------+-------------------------------------------------------------------+-----
Dodging        | 3 4 6 7 8 10 11 | 11.0
Fighting       | 4 5 6 7 9 10 12 13 14 15 | 15.2
Unarmed Combat | 4 5 6 7 9 10 12 13 14 16 17 18 19 20 21 22 23 | 23.2
Armour         | 1 2 3 4 5 6 7 8 9 10 | 10.9
Invocations    | 1 2 3 4 5 6 8 9 10 11 12 13 14 | 14.0
Crossbows      | 4 7 9 11 12 14 15 16 | 16.8
Evocations     | 3 5 7 8 9 |  9.6
Hexes          | 2 |  2.6
Stealth        | |  2.1

Action                   |  1- 3 |  4- 6 |  7- 9 | 10-12 | 13-15 | 16-18 | 19-21 | 22-24 || total
-------------------------+-------+-------+-------+-------+-------+-------+-------+-------++-------
Melee: Unarmed           |   133 |   243 |   365 |   542 |   732 |   698 |   642 |    64 ||  3419
       Punch             |     1 |     5 |    19 |    46 |    84 |   108 |   103 |     6 ||   372
 Fire: Shortbow          |       |       |       |     5 |       |       |       |       ||     5
       Arbalest          |       |       |       |     1 |   105 |   373 |   624 |   138 ||  1241
Throw: Dart              |     1 |     1 |    14 |    18 |     8 |       |       |       ||    42
Invok: Slouch            |       |       |       |     5 |    15 |    12 |     5 |     2 ||    39
       Bend Time         |       |       |       |       |     2 |     4 |     2 |     1 ||     9
       Step From Time    |       |       |       |       |       |     5 |     1 |       ||     6
       Temporal Distorti |       |       |       |       |       |     1 |     2 |       ||     3
 Abil: Evoke Invisibilit |       |       |       |       |       |       |     1 |       ||     1
Evoke: Wand              |     1 |       |       |       |       |       |       |     1 ||     2
  Use: Scroll            |     3 |     5 |     6 |    16 |    16 |    12 |     9 |     1 ||    68
       Potion            |       |       |     2 |     1 |     3 |     8 |     1 |     1 ||    16
 Stab: Sleeping          |     2 |       |       |       |       |       |       |       ||     2
       Invisible         |       |       |     3 |       |     5 |       |     2 |       ||    10
       Petrified         |       |       |       |       |     1 |       |       |       ||     1
  Eat: Chunk             |     8 |    11 |    15 |    17 |    87 |    79 |    77 |     1 ||   295
       Ration            |       |       |       |       |       |       |     1 |       ||     1
Armor: Robe              |     3 |       |       |       |       |       |       |       ||     3
       Plate armour      |   144 |   185 |   219 |   264 |   106 |   413 |   261 |    37 ||  1629
       Chain mail        |       |       |       |       |   301 |    28 |       |       ||   329
Dodge: Dodged            |    34 |    98 |   197 |   282 |   451 |   661 |   700 |    92 ||  2515
       Deflected         |       |       |       |       |       |    91 |     5 |       ||    96
Block: Other             |       |       |       |     2 |    62 |       |       |       ||    64

Table legend:
 A = Non-vault XP
 B = Vault XP
 C = Vault XP percentage of total XP
 D = Non-vault monster count
 E = Vault monster count
 F = Vault count percentage of total count
                 A         B        C        D         E       F
            +---------+---------+-------+---------+---------+-------
      Total |  367028 |  286297 |  43.8 |    1055 |     549 |  34.2
            +---------+---------+-------+---------+---------+-------
        D:1 |      35 |       0 |   0.0 |      20 |       0 |   0.0
        D:2 |      54 |       0 |   0.0 |      25 |       0 |   0.0
        D:3 |     229 |      32 |  12.3 |      31 |      11 |  26.2
        D:4 |      58 |     309 |  84.2 |      11 |       4 |  26.7
        D:5 |     518 |     204 |  28.3 |      12 |       2 |  14.3
        D:6 |     914 |       0 |   0.0 |      26 |       0 |   0.0
        D:7 |     702 |     231 |  24.8 |      16 |       6 |  27.3
        D:8 |    2025 |       0 |   0.0 |      27 |       0 |   0.0
        D:9 |    2429 |     655 |  21.2 |      26 |       5 |  16.1
       D:10 |    2054 |     130 |   6.0 |      17 |       1 |   5.6
       D:11 |    4707 |    2068 |  30.5 |      38 |       9 |  19.1
       D:12 |    4625 |       0 |   0.0 |      28 |       0 |   0.0
       D:13 |    3038 |    5608 |  64.9 |      38 |      23 |  37.7
       D:14 |    7910 |    2059 |  20.7 |      27 |       6 |  18.2
       D:15 |   14431 |    5311 |  26.9 |      42 |      15 |  26.3
     Lair:1 |    3488 |       0 |   0.0 |      14 |       0 |   0.0
     Lair:2 |    3817 |       0 |   0.0 |      14 |       0 |   0.0
     Lair:3 |    2108 |    7260 |  77.5 |      14 |      46 |  76.7
     Lair:4 |    3705 |    8907 |  70.6 |      10 |      35 |  77.8
     Lair:5 |    8286 |       0 |   0.0 |      17 |       0 |   0.0
     Lair:6 |    7711 |   12205 |  61.3 |      15 |      35 |  70.0
   Shoals:1 |   18852 |       0 |   0.0 |      35 |       0 |   0.0
   Shoals:2 |   17638 |       0 |   0.0 |      36 |       0 |   0.0
   Shoals:3 |   19876 |    7345 |  27.0 |      36 |      12 |  25.0
   Shoals:4 |    6977 |   28280 |  80.2 |      14 |      39 |  73.6
    Snake:1 |   10466 |       0 |   0.0 |      21 |       0 |   0.0
    Snake:2 |   20711 |    2748 |  11.7 |      34 |       1 |   2.9
    Snake:3 |   16781 |   14998 |  47.2 |      35 |      17 |  32.7
    Snake:4 |   17702 |   34929 |  66.4 |      37 |      46 |  55.4
      Orc:1 |    5232 |    1397 |  21.1 |      32 |       4 |  11.1
      Orc:2 |    2720 |   21321 |  88.7 |      40 |      44 |  52.4
   Vaults:1 |   21998 |   24760 |  53.0 |      41 |      33 |  44.6
   Vaults:2 |   52182 |   19252 |  27.0 |      94 |      11 |  10.5
   Vaults:3 |   36406 |   48522 |  57.1 |      61 |      54 |  47.0
   Vaults:4 |   38667 |   15291 |  28.3 |      63 |      21 |  25.0
    Crypt:1 |    7976 |    7305 |  47.8 |       8 |       1 |  11.1
      IceCv |       0 |   11195 | 100.0 |       0 |      59 | 100.0
   Gauntlet |       0 |    3975 | 100.0 |       0 |       9 | 100.0
            +---------+---------+-------+---------+---------+-------
